 Dungeon Crawl Stone Soup version 0.31-a0-557-g6e16503903 (webtiles) character file.

Game seed: 1359288258846328122

1886 ytrimaz the Changeling (level 8, -3/68 HPs)
             Began as a Troll Shapeshifter on Aug 16, 2023.
             Was an Initiate of Gozag.
             Slain by an ogre
             ... wielding a +0 giant spiked club
              (26 damage)
             ... on level 6 of the Dungeon.
             The game lasted 00:04:46 (4004 turns).

ytrimaz the Changeling (Troll Shapeshifter)         Turns: 4004, Time: 00:04:47

Health: -3/68      AC:  4    Str: 24    XL:     8   Next: 92%
Magic:  7/7        EV: 12    Int:  4    God:    Gozag
Gold:   544        SH:  0    Dex: 12    Spells: 7/7 levels left

rFire   . .          .
                       - Unarmed
rCold   . . .        (no shield)
rNeg    + . .        a - +0 animal skin
rPois   .            (helmet currently unavailable)
rElec   .            (cloak currently unavailable)
rCorr   +            (gloves unavailable)
SInv    .            (boots unavailable)
Will    .....        (no amulet)
Stlth   +            g - ring of positive energy
HPRegen 1.11/turn    w - ring of resist corrosion
MPRegen 0.10/turn

%: no passive effects
@: beast-form, gold aura
A: beast (slay +4), large, unfitting armour, claws 3, regeneration 1, shaggy fur
1, tough skin 1
a: Begin Untransformation, Renounce Religion, Potion Petition, Call Merchant,
Bribe Branch


You were on level 6 of the Dungeon.
You worshipped Gozag.
Gozag was pleased with you.
You were a hulking beast.
You visited 1 branch of the dungeon, and saw 6 of its levels.

You collected 604 gold pieces.
You paid 60 gold pieces to Gozag.


Innate Abilities, Weirdness & Mutations

You are a hulking beast.
Your limbs bulge with bestial killing power. (Slay +4)
You are too large for most types of armour.
You have claws for hands.
Your natural rate of healing is unusually fast.
You are covered in fur. (AC +1)
You have tough skin. (AC +1)


   Skills:
 - Level 0.7 Fighting
 + Level 6.6 Dodging
 - Level 3.9 Unarmed Combat
 - Level 7.6 Shapeshifting


You had 7 spell levels left.
You didn't know any spells.
Your spell library contained the following spells:

 Spells                   Type           Power      Damage    Failure   Level
 Sublimation of Blood     Necr           0%         N/A       65%         2
 Wereblood                Tmut           0%         N/A       65%         2
 Irradiate                Conj/Tmut      0%         3d11      100%        5
 Summon Hydra             Summ           0%         N/A       100%        7

Inventory:

Armour
 a - a +0 animal skin (worn)
 t - a +0 cloak
   (You found it on level 5 of the Dungeon)
Jewellery
 g - a ring of positive energy (left claw)
   (You found it on level 1 of the Dungeon)
 l - a ring of wizardry
   (You found it on level 2 of the Dungeon)
 w - a ring of resist corrosion (right claw)
   (You found it on level 5 of the Dungeon)
Talismans
 c - a beast talisman (active)
 d - a flux talisman
 h - a serpent talisman
   (You found it on level 4 of the Dungeon)
Wands
 b - a wand of paralysis (5)
   (You found it on level 6 of the Dungeon)
 k - a wand of roots (13)
   (You took it off Ijyb on level 3 of the Dungeon)
 m - a wand of polymorph (7)
   (You took it off Natasha on level 2 of the Dungeon)
 A - a wand of acid (12)
   (You found it on level 6 of the Dungeon)
Scrolls
 e - 3 scrolls of teleportation
 i - a scroll of silence
 j - a scroll of vulnerability
 n - a scroll of fear {unknown}
 o - a scroll of butterflies {unknown}
 p - a scroll of blinking {unknown}
 q - a scroll of brand weapon {unknown}
 s - 2 scrolls of poison
 v - a scroll of revelation {unknown}
 x - a scroll of noise {unknown}
 y - a scroll of enchant weapon {unknown}
Potions
 f - a potion of curing
 r - a potion of mutation {unknown}
 u - a potion of cancellation {unknown}
 z - a potion of brilliance {unknown}

Dungeon Overview and Level Annotations

Branches:
Dungeon (6/15) Zot: 26644  Temple (0/1) D:6

Altars:
Elyvilon
Gozag
Sif Muna
Vehumet

.#.######.###.....###
.### #.# #.....# ##
#.# #..#..# #.#
#..#..####### #.#
#...........# #.
##.#..##.###
##...##.# #.O.....#
#.#h##### ...#$#
.O##.#.# # # #.# #.#
... #.# #.#


You could see an ogre.


Message History

You barely miss Pikel. The lemure hits you but does no damage.
The lemure hits you.
* * * LOW HITPOINT WARNING * * *
The lemure hits you.
* * * LOW HITPOINT WARNING * * *
Pikel hits you but does no damage. 😱 HP[-7]
You take 7 damage, and now have 18/102 hp.
Unknown command.
You smack Pikel!
Pikel hits you but does no damage. The lemure hits you but does no damage.
The lemure barely misses you.
The lemure hits you but does no damage. 😱 HP[+1]
You barely miss Pikel. Pikel hits you but does no damage.
The lemure hits you but does no damage. x2; The lemure hits you.
* * * LOW HITPOINT WARNING * * *
Unknown command. 😱 HP[-5]
You take 5 damage, and now have 14/102 hp.
You hit Pikel but do no damage. The lemure hits you.
* * * LOW HITPOINT WARNING * * *
Pikel hits you with a +2 whip of flaming.
* * * LOW HITPOINT WARNING * * *
Pikel burns you.
* * * LOW HITPOINT WARNING * * *
The lemure hits you but does no damage. x2 😱 HP[-7]
You take 7 damage, and now have 7/102 hp.
Unknown command.
You closely miss Pikel.
Pikel hits you with a +2 whip of flaming.
* * * LOW HITPOINT WARNING * * *
Pikel burns you.
* * * LOW HITPOINT WARNING * * *
The lemure hits you but does no damage. x3
Unknown command.
You hit Pikel.
You kill Pikel!
With Pikel's spell broken, his former minions thank you for their freedom.
The lemure departs this earthly plane. x4
Your Dodging skill increases to level 6! 😱 HP[+1] Unknown command.
You start resting.
Your transformation is almost over.
You feel less wooden.
Your +0 animal skin unmelds from your body.
You turn into a hulking beast. 😱 HP[+7]
You now have 68 max hp (-34).
You regained 7 hp, and now have 15/68 hp.
You now have 536 gold pieces (gained 9).
Things that are here:
a +2 whip of flaming; a +2 robe of cold resistance 😎 HP[+53]
Your hp is fully restored (68).
b - a wand of paralysis (5) Unknown command.
Found a stone staircase leading down.
You now have 544 gold pieces (gained 8).
There is a stone staircase leading down here.
A - a wand of acid (12)
An adder comes into view.
An adder is nearby!
An ogre comes into view. It is wielding a +0 giant spiked club.
The ogre shouts!
The adder hisses angrily.
There are monsters nearby!
You are a hulking beast.
Your movement speed is average.
Your attack delay is about 0.9.
Your damage rating with unarmed combat is about 20 (Base [9 + 3 (UC)] x 135% (Str) x 101% (Fight) + 4 (Slay)).
The adder barely misses you.
You miss the adder. The adder bites you. 😕 HP[-2]
You take 2 damage, and now have 66/68 hp.
You miss the adder. The adder barely misses you. 😕 HP[+1]
You claw the adder!
The adder bites you but does no damage. 😎 HP[+1]
Your hp is fully restored (68).
Unknown command.
You barely miss the adder. The adder barely misses you.
The adder bites you but does no damage.
You mangle the adder!!
You kill the adder!
The ogre hits you with a +0 giant spiked club!! 😮 HP[-31]
You take 31 damage, and now have 37/68 hp.
MASSIVE DAMAGE!! (PAUSE)
You claw the ogre!
The ogre hits you with a +0 giant spiked club!
* * * LOW HITPOINT WARNING * * *
😨 HP[-16]
You take 16 damage, and now have 21/68 hp.
MASSIVE DAMAGE!! (PAUSE)
You scratch the ogre. 😨 HP[+1]
You scratch the ogre.
The ogre hits you with a +0 giant spiked club!!
You die...
Your body crumbles into a pile of gold.

Skill      XL: |  1  2  3  4  5  6  7  8 |
---------------+-------------------------+-----
Dodging        | 2 3 4 6 |  6.6
Shapeshifting  | 4 5 7 |  7.6
Fighting       | |  0.7
Unarmed Combat | |  3.9

Action                     |  1- 3 |  4- 6 |  7- 9 || total
---------------------------+-------+-------+-------++-------
  Melee: Unarmed           |    70 |   107 |   163 ||   340
         Punch             |       |       |     5 ||     5
    Use: Scroll            |       |     4 |     1 ||     5
         Potion            |       |     2 |     2 ||     4
   Stab: Sleeping          |     1 |       |       ||     1
         Distracted        |       |       |     1 ||     1
 Armour: Animal skin       |    30 |    25 |    23 ||    78
         Skin              |       |       |    45 ||    45
  Dodge: Dodged            |    34 |    48 |    87 ||   169

Levels and vault maps discovered:
D:1:      matt_arrival_diagonals, layout_rooms
D:2:      layout_loops_ring, uniq_natasha
D:3:      layout_loops_corners, led_sif_pool, mainiacjoe_overflow_24_doors,
          uniq_ijyb, uniq_sigmund, uniq_terence
D:4:      layout_rooms, grunt_gozag_breadcrumbs, vehumet_statue, minmay_ruptured
D:5:      layout_loops_ring, uniq_blork_the_orc
D:6:      layout_basic, minmay_temple_entry_statues_pillars, uniq_jeremiah,
          uniq_grinder, uniq_eustachio, uniq_pikel

Notes
Turn   | Place    | Note
-------+----------+-------------------------------------------
     0 | D:1      | ytrimaz the Troll Shapeshifter began the quest for the Orb.
     0 | D:1      | Reached XP level 1. HP: 18/18 MP: 0/0
     0 | D:1      | magus.rc [v1.9.6]
   128 | D:1      | Reached XP level 2. HP: 22/26 MP: 1/1
   150 | D:1      | Reached skill level 2 in Dodging
   467 | D:2      | Noticed Natasha
   471 | D:2      | Killed Natasha
   472 | D:2      | Reached XP level 3. HP: 25/32 MP: 2/2
   592 | D:2      | Reached skill level 4 in Shapeshifting
   673 | D:2      | Reached XP level 4. HP: 40/40 MP: 3/3
   869 | D:2      | Noticed Natasha
   873 | D:2      | Killed Natasha
  1147 | D:2      | Noticed Natasha
  1160 | D:2      | Killed Natasha
  1248 | D:3      | Noticed Ijyb
  1259 | D:3      | Killed Ijyb
  1260 | D:3      | Reached XP level 5. HP: 30/46 MP: 4/4
  1334 | D:3      | Noticed Sigmund
  1341 | D:3      | Killed Sigmund
  1342 | D:3      | Reached skill level 3 in Dodging
  1342 | D:3      | Reached skill level 5 in Shapeshifting
  1342 | D:3      | Reached XP level 6. HP: 53/54 MP: 5/5
  1435 | D:3      | Noticed Terence
  1440 | D:3      | Killed Terence
  1682 | D:3      | Found a white marble altar of Elyvilon.
  1948 | D:3      | Found a shimmering blue altar of Sif Muna.
  2299 | D:4      | You pick up a book of Changes and begin reading...
  2299 | D:4      | You add the spells Wereblood and Irradiate to your library.
  2377 | D:4      | Found a radiant altar of Vehumet.
  2512 | D:4      | Found an opulent altar of Gozag.
  2713 | D:4      | Became a worshipper of Gozag Ym Sagoz the Greedy
  2737 | D:5      | Entered Level 5 of the Dungeon
  2772 | D:5      | Reached XP level 7. HP: 22/61 MP: 6/6
  2793 | D:5      | Reached skill level 6 in Shapeshifting
  2860 | D:5      | Reached skill level 4 in Dodging
  3091 | D:5      | You pick up a book of Blood and begin reading...
  3091 | D:5      | You add the spells Sublimation of Blood and Summon Hydra to
                  | your library.
  3348 | D:5      | Noticed Blork the orc
  3355 | D:5      | Killed Blork the orc
  3683 | D:6      | Found a staircase to the Ecumenical Temple.
  3695 | D:6      | Reached skill level 7 in Shapeshifting
  3695 | D:6      | Reached XP level 8. HP: 65/68 MP: 7/7
  3783 | D:6      | Noticed Eustachio
  3789 | D:6      | Reached skill level 5 in Dodging
  3813 | D:6      | Killed Eustachio
  3843 | D:6      | Noticed Pikel
  3856 | D:6      | HP: 17/68 [lemure[Pikel] (8)]
  3866 | D:6      | HP: 23/102 [lemure[Pikel] (1)]
  3871 | D:6      | HP: 14/102 [lemure[Pikel] (6)]
  3874 | D:6      | Killed Pikel
  3875 | D:6      | Reached skill level 6 in Dodging
  4004 | D:6      | Slain by an ogre

Vanquished Creatures
  Pikel (D:6)
  Sigmund (D:3)
  Eustachio (D:6)
  A water moccasin (D:6)
  2 phantoms (D:5)
  Blork the orc (D:5)
  A gnoll sergeant (D:6)
  2 hounds
  4 orc priests (D:5)
  A gnoll bouda (D:6)
  Ijyb (D:3)
  Terence (D:3)
  2 iguanas (D:5)
  A sleepcap (D:6)
  Natasha (thrice) (D:2)
  An orc wizard (D:5)
  A statue (D:4)
  5 adders
  15 gnolls
  4 worms
  17 orcs
  5 ball pythons
  6 endoplasms
  4 hobgoblins
  12 jackals
  A quokka (D:1)
  4 bats
  A frilled lizard (D:1)
  10 goblins
  4 kobolds
  4 rats
117 creatures vanquished.

Table legend:
 A = Non-vault XP
 B = Vault XP
 C = Vault XP percentage of total XP
 D = Non-vault monster count
 E = Vault monster count
 F = Vault count percentage of total count
                 A         B        C        D         E       F
            +---------+---------+-------+---------+---------+-------
      Total |    1361 |    1334 |  49.5 |     106 |      11 |   9.4
            +---------+---------+-------+---------+---------+-------
        D:1 |      40 |       0 |   0.0 |      25 |       0 |   0.0
        D:2 |     101 |      35 |  25.7 |      14 |       1 |   6.7
        D:3 |      27 |     311 |  92.0 |      13 |       3 |  18.8
        D:4 |      20 |      49 |  71.0 |       8 |       4 |  33.3
        D:5 |     711 |     102 |  12.5 |      33 |       1 |   2.9
        D:6 |     462 |     837 |  64.4 |      13 |       2 |  13.3
            +---------+---------+-------+---------+---------+-------

Skill      XL: |  1  2  3  4  5  6  7  8 |
---------------+-------------------------+-----
Dodging        | 2 3 4 6 |  6.6
Shapeshifting  | 4 5 7 |  7.6
Fighting       | |  0.7
Unarmed Combat | |  3.9

Action                     |  1- 3 |  4- 6 |  7- 9 || total
---------------------------+-------+-------+-------++-------
  Melee: Unarmed           |    70 |   107 |   163 ||   340
         Punch             |       |       |     5 ||     5
    Use: Scroll            |       |     4 |     1 ||     5
         Potion            |       |     2 |     2 ||     4
   Stab: Sleeping          |     1 |       |       ||     1
         Distracted        |       |       |     1 ||     1
 Armour: Animal skin       |    30 |    25 |    23 ||    78
         Skin              |       |       |    45 ||    45
  Dodge: Dodged            |    34 |    48 |    87 ||   169

Illustrated notes

Table legend:
 A = Kills in this place as a percentage of kills in the entire game.
 B = Kills by you in this place as a percentage of kills by you in the entire game.
 C = Kills by friends in this place as a percentage of kills by friends in the entire game.
 D = Other kills in this place as a percentage of other kills in the entire game.
 E = Experience gained in this place as a percentage of experience gained in the entire game.
 F = Experience gained in this place divided by the number of levels of this place that you have seen.
                   A       B       C       D       E      F
               +-------+-------+-------+-------+-------+----------------------
         Total | 100.0 | 100.0 |   N/A |   N/A | 100.0 | 449.2
       Dungeon | 100.0 | 100.0 |   N/A |   N/A | 100.0 | 449.2
               +-------+-------+-------+-------+-------+----------------------

Table legend: (Time is in decaauts)
 A = Elapsed time spent in this place.
 B = Non-inter-level travel time spent in this place.
 C = Inter-level travel time spent in this place.
 D = Time resting spent in this place.
 E = Time spent auto-exploring this place.
 F = Levels seen in this place.
 G = Mean time per level.
                   A        B        C        D        E       F      G
               +--------+--------+--------+--------+--------+-----+--------+
         Total |   3968 |   3805 |    163 |     48 |   2937 |   6 |  661.3 |
       Dungeon |   3968 |   3805 |    163 |     48 |   2937 |   6 |  661.3 |
               +--------+--------+--------+--------+--------+-----+--------+

Top non-repeatable levels by time:
     D:3: 986 daAuts
     D:5: 900 daAuts
     D:2: 713 daAuts
     D:4: 549 daAuts
     D:1: 463 daAuts
     D:6: 354 daAuts
